AoeStats
← 陟遐自迩

Fortress

507086557Analyzed
4v4 RM · 16d ago on Sep 16, 2026· 48m 4s· 8 players
Game mode
Random Map
Map size
Huge
Population
200
Speed
Normal
Resources
Standard
Victory
Conquest
Starting age
Dark Age
Ending age
Imperial Age
RankedLock teamsTeams togetherTeam positionsShared explorationLock speedFull tech treeHidden civsTurbo modeCheats
Victory
Defeat
🇧🇩 Britons · Bangladesh
1079
+15
🇺🇸 Italians · United States
1055
+16
🇩🇪 Japanese · Germany
1053
+16
🇵🇱 Jurchens · Poland
1024
+17
🇮🇳 Bohemians · India
1089
-17
🇬🇧 Celts · United Kingdom
1067
-17
🇩🇪 Teutons · Germany
1021
-15
🇩🇪 Wei · Germany
1017
-15
陟遐自迩
1:00 Loom
8:36 Feudal Age
10:11 Horse Collar
14:27 Castle Age
14:22 Wheelbarrow
14:09 Stone Mining
14:18 Double-Bit Axe
16:05 Bow Saw
15:59 Heavy Plow
18:38 Gold Mining
21:33 Forging
22:58 Gold Shaft Mining
26:53 Scale Mail Armor
27:32 Iron Casting
29:29 Imperial Age
27:20 Hand Cart
26:50 Town Watch
28:31 Treadmill Crane
29:41 Chain Mail Armor
31:19 Conscription
30:21 Elite Samurai
32:20 Two-Man Saw
32:00 Kataparuto
33:02 Blast Furnace
32:33 Plate Mail Armor
32:06 Squires
31:51 Arson
31:27 Pikeman
32:14 Fletching
33:52 Chemistry
36:03 Yasama
36:39 Hoardings
39:58 Halberdier
40:23 Gambesons
39:59 Man-at-Arms
44:28 Bodkin Arrow
49:00 Ballistics
MacSquare
4:43 Loom
7:49 Feudal Age
11:39 Castle Age
9:33 Double-Bit Axe
9:44 Horse Collar
15:03 Bow Saw
20:28 Wheelbarrow
20:22 Redemption
20:56 Gold Mining
21:39 Fletching
24:39 Sanctity
27:51 Imperial Age
29:36 Chemistry
30:29 Stone Mining
31:48 Scale Mail Armor
32:32 Conscription
34:46 Hand Cart
38:16 Stone Shaft Mining
44:42 Bodkin Arrow
45:26 Bracer
ImranAOE
7:55 Feudal Age
11:43 Castle Age
10:10 Double-Bit Axe
10:37 Horse Collar
12:48 Bow Saw
19:18 Ballistics
29:09 Imperial Age
26:45 Fletching
27:22 Bodkin Arrow
27:18 Loom
27:55 Masonry
28:00 Padded Archer Armor
29:05 Fortified Wall
29:53 Yeomen
29:19 Elite Longbowman
30:21 Conscription
31:53 Chemistry
31:09 Bracer
31:40 Leather Archer Armor
30:59 Pikeman
31:40 Squires
33:04 Two-Man Saw
33:16 Ring Archer Armor
32:57 Forging
32:48 Scale Mail Armor
34:51 Hoardings
35:53 Iron Casting
34:43 Halberdier
36:17 Chain Mail Armor
36:37 Architecture
39:10 Wheelbarrow
39:09 Plate Mail Armor
39:40 Blast Furnace
46:09 Arson
46:00 Sappers
47:36 Hand Cart
47:08 Town Watch
47:34 Warwolf
Player
Nomad
8:24 Feudal Age
12:32 Castle Age
10:55 Double-Bit Axe
10:57 Horse Collar
12:48 Fletching
16:20 Bodkin Arrow
18:40 Bow Saw
22:53 Gold Mining
23:03 Stone Mining
23:11 Stone Mining
25:07 Gold Shaft Mining
24:48 Husbandry
26:11 Wheelbarrow
27:17 Hand Cart
26:49 Loom
30:14 Imperial Age
29:15 Scale Barding Armor
29:20 Forging
29:42 Bloodlines
31:26 Iron Casting
31:11 Chain Barding Armor
30:42 Elite Tiger Cavalry
31:47 Conscription
32:33 Ming Guang Armor
34:23 Blast Furnace
36:00 Heavy Hei Guang Cavalry
DentedOrca58204
4:51 Loom
7:04 Feudal Age
12:07 Castle Age
10:13 Double-Bit Axe
13:21 Horse Collar
25:17 Heavy Plow
26:17 Wheelbarrow
25:51 Town Watch
31:55 Imperial Age
30:24 Scale Mail Armor
30:34 Forging
30:12 Arson
30:55 Hand Cart
32:32 Chain Mail Armor
32:54 Iron Casting
33:00 Conscription
32:01 Elite Woad Raider
34:03 Plate Mail Armor
33:42 Gold Mining
35:22 Heavy Scorpion
39:53 Chemistry
39:14 Ballistics
39:07 Furor Celtica
42:52 Blast Furnace
46:19 Bow Saw
Alex
4:31 Loom
6:38 Feudal Age
10:55 Castle Age
9:11 Double-Bit Axe
9:47 Horse Collar
13:37 Bow Saw
16:09 Wheelbarrow
17:39 Fletching
25:37 Wagenburg Tactics
32:10 Imperial Age
30:31 Ballistics
30:31 Bodkin Arrow
30:51 Town Watch
33:28 Conscription
33:32 Hand Cart
34:26 Chemistry
36:18 Siege Engineers
38:24 Fortified Wall
38:10 Murder Holes
40:44 Bracer
40:46 Padded Archer Armor
42:48 Masonry
43:40 Elite Hussite Wagon
simon-raaf
Connection lost

Rejoining the realm…

Still unreachable

The connection could not be restored.

Session expired

The server has moved on; the page needs a fresh start.